 Seeded DCSS version 0.29-a0-22-gbf593b16ee (webtiles) character file.

Game seed: 11 (custom seed)

5649 knot the Cleaver (level 10, -1/70 HPs)
             Began as a Demonspawn Berserker on Jan 29, 2022.
             Was a Believer of Trog.
             Slain by a gnoll sergeant (3 damage)
             ... on level 9 of the Dungeon on Jan 30, 2022.
             The game lasted 00:23:15 (13693 turns).

knot the Cleaver (Demonspawn Berserker)            Turns: 13693, Time: 00:23:16

Health: -1/70      AC: 19    Str: 24    XL:     10   Next: 46%
Magic:  10/10      EV:  5    Int: 13    God:    Trog [**....]
Gold:   470        SH:  0    Dex: 12    Spells: 9/9 levels left

rFire   + . .      SeeInvis .   J - +3 spear (venom)
rCold   + . .      Faith    .   (no shield)
rNeg    . . .      Spirit   .   L - +0 crystal plate armour
rPois   +          Reflect  .   g - +1 helmet
rElec   .          Harm     .   A - scarf {rC+ rF+}
rCorr   .          Rampage  .   K - +0 pair of gloves
Will    .....                   y - +0 pair of boots "Riemin" {+Inv rPois}
Stlth   ..........              b - amulet of magic regeneration
HPRegen 0.21/turn               C - +6 ring of strength
MPRegen 0.64/turn               (no ring)

@: about to teleport
A: powered by death 2, magic regeneration, sturdy frame 1, weakness stinger 1
a: Renounce Religion, Evoke Invisibility, Berserk, Trog's Hand


You were on level 9 of the Dungeon.
You worshipped Trog.
Trog was pleased with you.
You visited 2 branches of the dungeon, and saw 10 of its levels.
You also visited: Sewer.

You collected 470 gold pieces.

Inventory:

Hand Weapons
 e - a +1 dagger of electrocution
 D - a +0 war axe
 J - a +3 spear of venom (weapon)
Missiles
 d - 155 stones (quivered)
 q - 2 atropa-tipped darts
 I - 104 sling bullets
 N - a curare-tipped dart
 O - 2 poisoned darts
 P - 5 boomerangs
Armour
 g - a +1 helmet (worn)
 y - the +0 pair of boots "Riemin" (worn) {+Inv rPois}
   (You found it on level 7 of the Dungeon)

   rPois:     It protects you from poison.
   +Inv:      It lets you turn invisible.
 A - a scarf of resistance (worn)
 K - a +0 pair of gloves (worn)
 L - a +0 crystal plate armour (worn)
Jewellery
 b - an amulet of magic regeneration (around neck)
 C - a +6 ring of strength (left hand)
Wands
 x - a wand of flame (22)
Scrolls
 a - a scroll of noise {unknown}
 f - 15 scrolls of identify {unknown}
 l - a scroll of enchant weapon {unknown}
 m - 2 scrolls of fog {unknown}
 o - a scroll of summoning {unknown}
 p - 3 scrolls of teleportation
 t - 2 scrolls of fear {unknown}
 v - a scroll of vulnerability {unknown}
 B - a scroll of silence {unknown}
 E - 2 scrolls of immolation {unknown}
 F - a scroll of blinking {unknown}
Potions
 c - 5 potions of brilliance
 h - a potion of attraction {unknown}
 i - 3 potions of lignification {unknown}
 j - 2 potions of magic {unknown}
 k - 3 potions of curing {unknown}
 n - 4 potions of degeneration {unknown}
 r - 3 potions of cancellation {unknown}
 s - 3 potions of berserk rage {unknown}
 u - 2 potions of flight {unknown}
 w - 2 potions of invisibility {unknown}
 G - a potion of haste {unknown}
 H - 2 potions of might {unknown}
 M - a potion of resistance


   Skills:
 - Level 3.0 Fighting
 * Level 11.4 Axes
 + Level 9.2 Throwing
 - Level 1.7 Armour
 - Level 1.7 Dodging


You had 9 spell levels left.
You didn't know any spells.
Your spell library contained the following spells:

 Spells                   Type           Power      Damage    Failure   Level
 Foxfire                  Conj/Fire      0%         2x1d4     100%        1
 Blink                    Tloc           0%         N/A       100%        2
 Conjure Flame            Conj/Fire      0%         6-21      100%        3
 Frozen Ramparts          Ice            0%         1d2       100%        3
 Inner Flame              Hex/Fire       0%         N/A       100%        3
 Cause Fear               Hex            0%         N/A       100%        4
 Flame Wave               Conj/Fire      0%         2d4       100%        4
 Ice Form                 Ice/Tmut       0%         N/A       100%        4
 Summon Ice Beast         Ice/Summ       0%         N/A       100%        4
 Manifold Assault         Tloc           0%         N/A       100%        5
 Dragon Form              Tmut           0%         N/A       100%        7
 Storm Form               Tmut/Air       0%         N/A       100%        7
 Dragon's Call            Summ           0%         N/A       100%        9


Dungeon Overview and Level Annotations

Branches:
Dungeon (9/15)             Temple (1/1) D:7             Orc (0/2) D:9
  Sewer (visited)
   Lair: D:8-11

Altars:
Ashenzari
Cheibriados
Dithmenos
Elyvilon
Fedhas
Gozag
Hepliaklqana
Kikubaaqudgha
Makhleb
Nemelex Xobeh
Okawaru
Qazlal
Ru
Sif Muna
Trog
Uskayaw
Vehumet
Wu Jian
Xom
Yredelemnul
Zin
The Shining One

Shops:
D:9 *


Innate Abilities, Weirdness & Mutations

You regenerate health from kills.
You regenerate magic rapidly.
Your movements are slightly less encumbered by armour. (ER -2)
You have a small tail.


Message History

You miss the killer bee.
Your tail-slap misses the killer bee.
The killer bee is heavily wounded.
The killer bee stings you but does no damage.
You puncture the killer bee!
You kill the killer bee!
Trog accepts your kill.
Reach: J) +3 spear (venom)
Press: ? - help, Dir - move target, f - killer bee
Aim: a killer bee (about 56% to evade your +3 spear of venom)
You miss the killer bee. The killer bee stings you. x2
Reach: J) +3 spear (venom)
Press: ? - help, Dir - move target, f/p - killer bee
Aim: a killer bee (about 56% to evade your +3 spear of venom)
You completely miss the killer bee. The killer bee stings you.
The orc warrior hits you with a +1 war axe of freezing!
* * * LOW HITPOINT WARNING * * *
The orc warrior freezes you.
* * * LOW HITPOINT WARNING * * *
The gnoll sergeant hits you but does no damage.
As you read the scroll labelled GOJEPH DELUY, it crumbles to dust.
You feel strangely unstable.
It was a scroll of teleportation.
The killer bee stings you but does no damage. x2
The orc warrior hits you with a +1 war axe of freezing!
* * * LOW HITPOINT WARNING * * *
The orc warrior freezes you.
* * * LOW HITPOINT WARNING * * *
The gnoll sergeant hits you but does no damage.
The killer bee stings you but does no damage.
The orc warrior hits you but does no damage.
The gnoll sergeant hits you but does no damage.
You see here a +0 ring mail.
You closely miss the killer bee. The killer bee stings you!
* * * LOW HITPOINT WARNING * * *
Unknown command.
You closely miss the orc warrior.
The killer bee stings you but does no damage.
The orc warrior hits you with a +1 war axe of freezing.
* * * LOW HITPOINT WARNING * * *
The gnoll sergeant hits you from afar with a +0 trident.
You die...

#.# ##....### #.####
#.## #.. #....#
#....# #.# ###
#.#.######.##.###.##
#...................
###........###.#.#.#
#######....#.#.#.#
#..###.###.#
##########
##..........
.......y@#
#..........
###########o#
#.###.###.# #8.T #g#
#...#...#..


#goo #.# #.###.###.# #..o #.# #.......... #Og. #####.# #.......... 8K. #...#.#
#.#.#.###.# #.###)#####.#.######.#.#.#.#.# #.....)...#..........###.#.#.# You
could see an orc warrior, a gnoll sergeant and a killer bee.

Vanquished Creatures
  A hornet (D:7)
  A shadow (D:9)
  3 yaks (D:8)
  A wyvern (D:9)
  Eustachio (D:4)
  A fire elemental (D:7)
  2 fire bats (D:7)
  A steam dragon (D:8)
  Menkaure (D:7)
  2 orc warriors (D:9)
  3 ice beasts
  2 sky beasts (D:6)
  A black bear (D:6)
  3 centaurs
  2 necrophages
  4 ogres (D:5)
  2 phantoms
  2 kobold brigands (D:9)
  A bullfrog (D:9)
  A wyvern zombie (D:5)
  2 scorpions
  A gnoll sergeant (D:9)
  2 wyvern skeletons (D:6)
  13 killer bees
  A howler monkey (D:9)
  A centaur zombie (D:8)
  An orc priest (D:8)
  3 jellies
  3 hounds
  3 bullfrog skeletons
  2 iguanas
  9 orc wizards (D:8)
  A killer bee zombie (D:7)
  A howler monkey zombie (D:6)
  A howler monkey skeleton (D:6)
  7 gnolls
  5 adders
  7 river rats
  A worm (D:2)
  A dart slug (D:3)
  10 orcs
  6 endoplasms
  4 giant cockroaches
  4 goblins
  3 hobgoblins
  4 jackals
  2 quokkas
  11 ball pythons
  8 bats
  5 frilled lizards
  13 kobolds
  16 rats
186 creatures vanquished.

Vanquished Creatures (collateral kills)
  A centaur (D:6)
  A kobold brigand (D:9)
  A gnoll sergeant (D:6)
  A howler monkey skeleton (D:6)
  A white imp (D:6)
5 creatures vanquished.

Vanquished Creatures (others)
  A gnoll sergeant (D:9)
  2 gnoll shamans
  5 gnolls
  An orc (D:8)
9 creatures vanquished.

Grand Total: 200 creatures vanquished

Notes
Turn   | Place    | Note
-------+----------+-------------------------------------------
     0 | D:1      | knot the Demonspawn Berserker began the quest for the Orb.
     0 | D:1      | Reached XP level 1. HP: 18/18 MP: 1/1
    68 | D:1      | Reached skill level 3 in Axes
   212 | D:1      | Gained mutation: You regenerate a little health from kills.
                  | [demonic ancestry]
   212 | D:1      | Reached XP level 2. HP: 23/24 MP: 2/2
   625 | D:1      | Found a faded altar of an unknown god.
   827 | D:2      | Gained mutation: Your movements are slightly less
                  | encumbered by armour. (ER -2) [demonic ancestry]
   827 | D:2      | Reached XP level 3. HP: 22/29 MP: 3/3
  1237 | D:2      | Reached skill level 4 in Axes
  1766 | D:2      | Reached ** piety under Trog
  2085 | D:3      | Reached skill level 1 in Throwing
  2085 | D:3      | Reached XP level 4. HP: 31/35 MP: 4/4
  2116 | D:3      | Found a glowing drain.
  2130 | Sewer    | Entered a sewer
  2958 | Sewer    | Reached XP level 5. HP: 35/41 MP: 5/5
  3909 | D:3      | Found a shadowy altar of Dithmenos.
  3912 | D:3      | Found a bloodstained altar of Trog.
  3913 | D:3      | Found a basalt altar of Yredelemnul.
  3913 | D:3      | Found a radiant altar of Vehumet.
  3913 | D:3      | Found a burning altar of Makhleb.
  3915 | D:3      | Found a broken altar of Ashenzari.
  3916 | D:3      | Found a snail-covered altar of Cheibriados.
  3918 | D:3      | Found a sacrificial altar of Ru.
  4244 | D:4      | Reached skill level 5 in Axes
  4657 | D:3      | Gained mutation: You have a small tail. [demonic ancestry]
  4657 | D:3      | Reached XP level 6. HP: 47/47 MP: 6/6
  5265 | D:4      | Noticed Eustachio
  5284 | D:4      | Killed Eustachio
  5589 | D:4      | Gained mutation: You regenerate health from kills. [demonic
                  | ancestry]
  5589 | D:4      | Reached XP level 7. HP: 52/52 MP: 7/7
  6010 | D:5      | Entered Level 5 of the Dungeon
  6018 | D:4      | Reached skill level 6 in Axes
  6561 | D:5      | Reached skill level 5 in Throwing
  6885 | D:5      | Reached skill level 7 in Axes
  6885 | D:5      | Reached XP level 8. HP: 58/58 MP: 8/8
  7886 | D:6      | You fall into a shaft and drop 2 floors!
  7998 | D:8      | Found an ancient bone altar of Kikubaaqudgha.
  8007 | D:8      | Found a hazy altar of Hepliaklqana.
  8206 | D:8      | Gained mutation: Potions are less effective at restoring
                  | your health. [potion of mutation]
  8206 | D:8      | Gained mutation: You expend magic power (3 MP) to
                  | strengthen your wands. [potion of mutation]
  8206 | D:8      | Gained mutation: Your muscles are strong. (Str +2) [potion
                  | of mutation]
  8207 | D:8      | Lost mutation: You expend magic power (3 MP) to strengthen
                  | your wands. [potion of mutation]
  8207 | D:8      | Lost mutation: Your muscles are strong. (Str +2) [potion of
                  | mutation]
  8207 | D:8      | Gained mutation: You have a pair of small horns on your
                  | head. [potion of mutation]
  8207 | D:8      | Gained mutation: Your spells are a little harder to cast,
                  | but a little more powerful. [potion of mutation]
  8207 | D:8      | Gained mutation: You are occasionally teleported next to
                  | monsters. [potion of mutation]
  8208 | D:8      | Lost mutation: You have a pair of small horns on your head.
                  | [potion of mutation]
  8208 | D:8      | Lost mutation: Your spells are a little harder to cast, but
                  | a little more powerful. [potion of mutation]
  8208 | D:8      | Lost mutation: You are occasionally teleported next to
                  | monsters. [potion of mutation]
  8208 | D:8      | Gained mutation: You have large cloven feet. [potion of
                  | mutation]
  8208 | D:8      | Gained mutation: You are strong-willed. (Will+) [potion of
                  | mutation]
  8216 | D:8      | Reached skill level 8 in Axes
  8226 | D:8      | Gained mutation: You regenerate magic rapidly. [demonic
                  | ancestry]
  8226 | D:8      | Reached XP level 9. HP: 50/63 MP: 9/9
  8894 | D:8      | Found a hide-covered altar of Uskayaw.
  9823 | D:6      | Reached skill level 9 in Axes
 10717 | D:6      | Lost mutation: You are strong-willed. (Will+) [potion of
                  | mutation]
 10717 | D:6      | Lost mutation: You have large cloven feet. [potion of
                  | mutation]
 10717 | D:6      | Lost mutation: Potions are less effective at restoring your
                  | health. [potion of mutation]
 10890 | D:6      | Reached skill level 10 in Axes
 11237 | D:7      | Found a staircase to the Ecumenical Temple.
 11246 | Temple   | Entered the Ecumenical Temple
 11513 | D:7      | Found a transporter.
 11591 | D:7      | Found a transporter.
 11597 | D:7      | Reached XP level 10. HP: 46/70 MP: 10/10
 11811 | D:7      | Identified the +0 pair of boots "Riemin" {+Inv rPois}
 12170 | D:7      | Noticed Menkaure
 12183 | D:7      | Killed Menkaure
 12996 | D:9      | Found Taakeir's General Store.
 13037 | D:9      | Reached skill level 11 in Axes
 13632 | D:9      | Found a staircase to the Orcish Mines.
 13692 | D:9      | HP: 3/70 [killer bee (7)]
 13693 | D:9      | Slain by a gnoll sergeant

Illustrated notes

Levels and vault maps discovered:
D:1:      minmay_arrival_nine_rooms, layout_rooms, basic_ecumenical_altar
D:2:      layout_basic
D:3:      layout_loops_ring, minitemple, portal_sewer_entry_b,
          lemuel_old_faithful
D:4:      layout_basic, uniq_eustachio
D:5:      layout_layer_cave, minivault_24
D:6:      minmay_chambers_of_threes, layout_basic
D:7:      gammafunk_cloud_chamber, layout_loops_cross, lemuel_temple_firewalk_b,
          uniq_menkaure
D:8:      minmay_flawed_box, layout_basic, lemuel_coloured_pillars_altar,
          grunt_temple_overflow_open, serial_aquarium,
          aquarium_bridge_island_small [aquarium_subvault_small_water,
          aquarium_subvault_balcony, aquarium_subvault_balcony,
          aquarium_subvault_bridge, aquarium_subvault_wall],
          aquarium_window_fake, aquarium_window_fake, aquarium_window_fake,
          aquarium_view_2c, aquarium_view_2g, aquarium_pool_double
D:9:      minmay_general_purpose_star, layout_loops_ring,
          kennysheep_orc_monster_closet_entryway, serial_shops,
          nicolae_shop_crystal, minmay_misc_feat_nine_boxes,
          hangedman_decor_points
Temple:   zaba_magenta_temple

Skill      XL: |  1  2  3  4  5  6  7  8  9 10 |
---------------+-------------------------------+-----
Axes           | 3 4 5 7 8 10 11 | 11.4
Throwing       | 1 2 3 4 5 7 8 9 |  9.2
Fighting       | |  3.0
Armour         | |  1.7
Dodging        | |  1.7

Action                   |  1- 3 |  4- 6 |  7- 9 | 10-12 || total
-------------------------+-------+-------+-------+-------++-------
Melee: Hand axe          |   120 |   145 |    83 |       ||   348
       Dagger            |     1 |       |    33 |       ||    34
       Punch             |       |     1 |     3 |       ||     4
       Tailslap          |       |     3 |    29 |    13 ||    45
       Spear             |       |       |    64 |   132 ||   196
       War axe           |       |       |    58 |       ||    58
Throw: Boomerang         |    18 |     8 |    57 |       ||    83
       Stone             |     3 |    10 |    29 |     6 ||    48
Invok: Berserk           |     6 |    11 |    19 |     3 ||    39
       Trog's Hand       |       |     1 |     1 |       ||     2
Evoke: Wand              |       |       |     5 |     1 ||     6
  Use: Potion            |       |       |     5 |       ||     5
       Scroll            |       |       |       |     1 ||     1
 Stab: Sleeping          |       |     3 |       |       ||     3
Armor: Animal skin       |    29 |    18 |       |       ||    47
       Ring mail         |       |       |    80 |       ||    80
       Crystal plate arm |       |       |    33 |    62 ||    95
Dodge: Dodged            |   106 |    75 |   121 |    17 ||   319

Table legend: (Time is in decaauts)
 A = Elapsed time spent in this place.
 B = Non-inter-level travel time spent in this place.
 C = Inter-level travel time spent in this place.
 D = Time resting spent in this place.
 E = Time spent auto-exploring this place.
 F = Levels seen in this place.
 G = Mean time per level.
                   A        B        C        D        E       F      G
               +--------+--------+--------+--------+--------+-----+--------+
         Total |  14097 |  13627 |    470 |   4419 |   7427 |  11 | 1281.5 |
       Dungeon |  12660 |  12210 |    450 |   3739 |   6948 |   9 | 1406.7 |
        Temple |     73 |     54 |     19 |      0 |     50 |   1 |   73.0 |
         Sewer |   1363 |   1363 |      0 |    679 |    429 |   1 | 1363.0 |
               +--------+--------+--------+--------+--------+-----+--------+

Top non-repeatable levels by time:
     D:6: 1890 daAuts
     D:4: 1789 daAuts
     D:8: 1731 daAuts
     D:5: 1650 daAuts
     D:7: 1515 daAuts
   Sewer: 1363 daAuts
     D:1: 1096 daAuts
     D:3: 1087 daAuts
     D:2: 1020 daAuts
     D:9: 878 daAuts
  Temple: 73 daAuts
